Cogmind - Beta 15 @@@ ROGUE MODE // 2025.06.17 @ 11:12:01 // AFD2020/Player2 Player: Storm Mk9 Result: Self-destructed Performance ------------- Evolutions (0) 0 Regions Visited (4) 800 Robots Destroyed (9) 45 Value Destroyed (249) 249 Prototype IDs (9) 180 Alien Tech Used (0) 0 Bonus (1155) 1155 TOTAL SCORE: 2429 Bonus ------- Follower Combat Kills 355 Registered with UFD 300 Met Optimus in HQ 500 Cogmind --------- Core Integrity 36/250 Matter 300/300 Energy 160/160 System Corruption 0% Temperature Cool (0) Movement Treading (320) Ox2 Location -9/Scraptown Parts ------- > --- POWER (1) -------- Light Nuclear Core > --- PROPULSION (2) --- Improved Treads Improved Medium Treads > --- UTILITY (2) ------ Cargo Storage Unit > --- WEAPON (2) ------- Small Laser Light Assault Rifle > --- INVENTORY (30) --- Ion Engine Improved Ion Engine Improved Ion Engine Improved Ion Engine Light Treads Spiked Treads Wheel Cooling System Cooling System High-capacity Matter Pod (200) Structural Scanner Seismic Detector Improved Targeting Computer Improved Targeting Computer Medium Armor Plating Medium Armor Plating Hardened Medium Armor Plating Remote Shield A0-MCA's Component Scanner EM Pulse Gun Medium Laser Particle Gun Pulse Rifle Subdweller Machine Gun High-powered Shotgun Improved Grenade Launcher Improved Grenade Launcher Plasma Cutter Chainsword Peak State ------------ > --- POWER ------------ Light Nuclear Core > --- PROPULSION ------- Improved Treads Improved Medium Treads > --- UTILITY ---------- Cargo Storage Unit > --- WEAPON ----------- Small Laser Light Assault Rifle > --- INVENTORY -------- Ion Engine Improved Ion Engine Improved Ion Engine Improved Ion Engine Light Treads Spiked Treads Aluminum Leg Wheel Cooling System High-capacity Matter Pod Structural Scanner Seismic Detector Improved Targeting Computer Improved Targeting Computer Medium Armor Plating Hardened Medium Armor Plating Scrap Shield Remote Shield EM Pulse Gun Medium Laser Medium Laser Particle Gun Pulse Rifle Subdweller Machine Gun High-powered Shotgun Improved Grenade Launcher Improved Grenade Launcher Plasma Cutter Chainsword [Rating: 20] Favorites ----------- Power Light Nuclear Core Engine Light Ion Engine Power Core Light Nuclear Core Propulsion Light Treads Treads Light Treads Wheel Wheel Utility Cargo Storage Unit Device Seismic Detector Storage Cargo Storage Unit Weapon Small Laser Energy Gun Small Laser Ballistic Gun Light Assault Rifle Build | -11 -10 -10 -10 -9 ------- Run | Yrd Mat Min Sub Scr Slots Evolved . | . . . . . Power . | . . . . . Propulsion . | . . . . . Utility . | . . . . . Weapon . | . . . . . Parts Attached 14 | 7 1 . 3 3 Power 4 | 1 . . 2 1 Engine 3 | 1 . . 2 . Core 1 | . . . . 1 Reactor . | . . . . . Propulsion 5 | 2 . . 1 2 Treads 4 | 2 . . . 2 Leg . | . . . . . Wheel 1 | . . . 1 . Hover . | . . . . . Flight . | . . . . . Utility 3 | 2 1 . . . Device 1 | 1 . . . . Storage 2 | 1 1 . . . Processor . | . . . . . Hackware . | . . . . . Protection . | . . . . . Artifact . | . . . . . Weapon 2 | 2 . . . . Energy Gun 1 | 1 . . . . Energy Cannon . | . . . . . Ballistic Gun 1 | 1 . . . . Ballistic Cannon . | . . . . . Launcher . | . . . . . Special Weapon . | . . . . . Impact Weapon . | . . . . . Slashing Weapon . | . . . . . Piercing Weapon . | . . . . . Special Melee Weapon . | . . . . . Unidentified Prototypes . | . . . . . Parts Lost 4 | . . . 4 . Power 3 | . . . 3 . Propulsion 1 | . . . 1 . Utility . | . . . . . Weapon . | . . . . . Highest Loss Streak 2 | . . . 2 . To Critical Strikes 1 | . . . 1 . Average Backups 23 | 5 11 19 20 28 Power 1 | . . . . 2 Propulsion 3 | 2 3 4 3 3 Utility 9 | . 4 8 9 11 Weapon 8 | 1 3 7 7 10 Tool/Special . | . . . . . Unused Backups 41 | . 4 . . 37 Power 5 | . 1 . . 4 Propulsion 6 | . 2 . . 4 Utility 15 | . 1 . . 14 Weapon 14 | . . . . 14 Tool/Special 1 | . . . . 1 Average Slot Usage (%) 83 | . 86 85 80 83 Engine 4 | . 14 14 9 . Core 7 | . . . . 12 Treads 24 | . 28 28 16 26 Wheel 3 | . . . 11 1 Storage 14 | . 14 14 14 14 Energy Gun 14 | . 14 14 14 14 Ballistic Gun 14 | . 14 14 14 14 Peak Build Rating 20 | 7 9 9 10 20 Average Rating 14 | 5 8 9 8 17 On Entrance 6 | . 7 9 9 8 Naked Turns . | . . . . . Heaviest Build 147 | 11 145 145 147 147 Greatest Support 53 | 40 40 40 40 53 Greatest Overweight (x) 14 | . 3 3 14 14 Average Overweight (x) 4 | . 2 3 12 3 Largest Inventory Capacity 30 | 8 30 30 30 30 Average Capacity 29 | 7 28 30 30 30 Most Carried 30 | 8 19 20 23 30 Average Carried 24 | 5 11 19 20 28 Final Capacity 30 | 8 30 30 30 30 Final Carried 29 | 7 19 20 22 29 Class Distribution -------------------- 97% | Hauler-Mutant Dominant Class ---------------- Hauler-Mutant | -10/Materials Hauler-Mutant | -10/Mines Hauler-Mutant | -10/Subcaves Hauler-Mutant | -9/Scraptown Resources | -11 -10 -10 -10 -9 ----------- Run | Yrd Mat Min Sub Scr Matter Collected 572 | 283 44 101 93 51 Remotely . | . . . . . Salvage Created 379 | 111 145 . 123 . Parts 16 | 6 6 . 4 . Haulers Intercepted . | . . . . . Recyclers Shooed . | . . . . . Parts Field Recycled . | . . . . . Retrieved Matter . | . . . . . Parts Self-Destructed 6 | . . . 6 . Prevented . | . . . . . Kills | -11 -10 -10 -10 -9 ------- Run | Yrd Mat Min Sub Scr Combat Hostiles Destroyed 6 | . 3 . 3 . Guns 6 | . 3 . 3 . Classes Destroyed 4 | 2 1 . 1 . Tunneler 2 | 2 . . . . Recycler 1 | 1 . . . . Grunt 4 | . 3 . 1 . Subdweller 2 | . . . 2 . Best Kill Streak 3 | 3 2 . 1 . Combat Bots Only 2 | . 2 . 1 . Max Kills in Single Turn 1 | 1 1 . 1 . Gunslinging . | . . . . . Exploded . | . . . . . Melee . | . . . . . Uniques/NPCs Destroyed . | . . . . . Combat | -11 -10 -10 -10 -9 -------- Run | Yrd Mat Min Sub Scr Hostile Shots Fired 56 | . 6 6 44 . Missed 23 | . 2 3 18 . Hits 33 | . 4 3 26 . Projectile 33 | . 4 3 26 . Critical Strikes 3 | . . . 3 . Damage Taken 567 | . 53 34 480 . Core 110 | . . 11 99 . Absorbed by Shields . | . . . . . Core Remaining (%) 100 | 100 . . . . Volleys Fired 42 | 13 6 . 23 . Largest 2 | 2 2 . 2 . Hottest 60 | 60 60 . 60 . Shots Fired 82 | 24 12 . 46 . Gun 82 | 24 12 . 46 . Cannon . | . . . . . Launcher . | . . . . . Special . | . . . . . Kinetic 42 | 13 6 . 23 . Thermal 40 | 11 6 . 23 . Explosive . | . . . . . Electromagnetic . | . . . . . Robot Hit Streak 13 | 5 4 . 13 . Robot Miss Streak 3 | 3 1 . 3 . Penetration Max . | . . . . . Secondary Targets 1 | . 1 . . . Max Gunslinging Chain 1 | . 1 . . . Shots Hit Robots 51 | 11 8 . 32 . Core Hits 19 | 6 6 . 7 . Critical Kills . | . . . . . Critical Parts Destroyed . | . . . . . Critical Strikes . | . . . . . Melee Attacks . | . . . . . Impact . | . . . . . Slashing . | . . . . . Piercing . | . . . . . Sneak Attacks . | . . . . . Combat Hostiles . | . . . . . Follow-up Attacks . | . . . . . Damage Inflicted 451 | 120 84 . 247 . Guns 451 | 120 84 . 247 . Cannons . | . . . . . Explosions . | . . . . . Melee . | . . . . . Ramming . | . . . . . Kinetic 169 | 44 28 . 97 . Thermal 282 | 76 56 . 150 . Explosive . | . . . . . Electromagnetic . | . . . . . Impact . | . . . . . Slashing . | . . . . . Piercing . | . . . . . Highest Corruption . | . . . . . Average Corruption . | . . . . . Corruption Purged . | . . . . . Corruption Blocked . | . . . . . Overload Shots . | . . . . . Overflow Damage . | . . . . . Projectiles . | . . . . . Explosions . | . . . . . Melee . | . . . . . Knockbacks . | . . . . . Impact . | . . . . . Kinetic . | . . . . . Secondary . | . . . . . Self-Inflicted Damage . | . . . . . Shots . | . . . . . Rammed . | . . . . . Targets Rammed . | . . . . . Kicked . | . . . . . Crushed . | . . . . . Highest Temperature 239 | 40 40 . 239 . Average Temperature 38 | 15 18 . 148 . Received Heat Transfer 528 | . 30 18 480 . Siege Activations . | . . . . . Martial Activations . | . . . . . Shielding Activations . | . . . . . Robots Disrupted . | . . . . . Combat Hostiles . | . . . . . Robots Corrupted . | . . . . . Combat Hostiles . | . . . . . Parts Fried . | . . . . . Impact Corruptions . | . . . . . Robots Melted . | . . . . . Combat Hostiles . | . . . . . Parts Melted . | . . . . . Heat Transferred 650 | 175 125 . 350 . Parts Sabotaged . | . . . . . Parts Stolen . | . . . . . Parts Stripped . | . . . . . Power Chain Reactions . | . . . . . Alert | -11 -10 -10 -10 -9 ------- Run | Yrd Mat Min Sub Scr Maximum Alert Level . | . . . . . Low Security (%) 100 | 100 100 100 . . Level 1 . | . . . . . Level 2 . | . . . . . Level 3 . | . . . . . Level 4 . | . . . . . Level 5 . | . . . . . High Security . | . . . . . Max Security . | . . . . . Peak Influence 77 | 5 77 52 . . Initial 9 | . . 9 . . Average 12 | . 14 11 . . Influence Increases 371 | 15 170 62 124 . Destroy 0b10 Robot/C 220 | . 100 40 80 . Destroy 0b10 Robot/NC 25 | 15 10 . . . Destroy Leader 54 | . 24 10 20 . Allied During Kill 67 | . 31 12 24 . Successful Hack 5 | . 5 . . . Influence Decreases 371 | 15 144 88 124 . Entered New Map 17 | . . 17 . . Time Decay 324 | 15 144 71 94 . Lost Part 30 | . . . 30 . Squads Dispatched 4 | . 4 . . . Investigation 2 | . 2 . . . Extermination . | . . . . . Reinforcement 2 | . 2 . . . Assault . | . . . . . Garrison . | . . . . . Intercept . | . . . . . Searches Triggered . | . . . . . Construction Impeded . | . . . . . Haulers Reinforced . | . . . . . Active Scanning Responses . | . . . . . Cargo Convoy Interrupts . | . . . . . Stealth | -11 -10 -10 -10 -9 --------- Run | Yrd Mat Min Sub Scr Distress Signals 1 | . 1 . . . Communications Jammed . | . . . . . Distress Signals . | . . . . . Times Spotted 22 | . 9 2 11 . Peak Tracking Total 3 | . 3 2 2 . Tactical Retreats . | . . . . . Traps | -11 -10 -10 -10 -9 ------- Run | Yrd Mat Min Sub Scr Traps Triggered . | . . . . . Indirectly . | . . . . . Trap Hack Attempts . | . . . . . Triggered . | . . . . . Disarmed . | . . . . . Reprogrammed . | . . . . . Reused . | . . . . . Traps Extracted . | . . . . . Installed . | . . . . . Triggered . | . . . . . Machines | -11 -10 -10 -10 -9 ---------- Run | Yrd Mat Min Sub Scr Machines Disabled . | . . . . . Max in Single Turn . | . . . . . Machines Repaired . | . . . . . Machines Dismantled . | . . . . . Machines Sabotaged . | . . . . . Overloaded Fab Kills . | . . . . . Hacking | -11 -10 -10 -10 -9 --------- Run | Yrd Mat Min Sub Scr Machines Accessed 7 | . 1 . . 6 Terminals 1 | . 1 . . . Fabricators . | . . . . . Repair Stations . | . . . . . Recycling Units . | . . . . . Scanalyzers . | . . . . . Garrison Access . | . . . . . Total Hacks 35 | . 2 . . 33 Successful 34 | . 1 . . 33 Failed 1 | . 1 . . . Catastrophic . | . . . . . Database Lockouts . | . . . . . Manual . | . . . . . Terminals 2 | . 2 . . . Fabricators . | . . . . . Repair Stations . | . . . . . Recycling Units . | . . . . . Scanalyzers . | . . . . . Garrison Access . | . . . . . Terminal Hacks 34 | . 1 . . 33 Record 32 | . . . . 32 Prototype ID Bank 1 | . 1 . . . Proto ID Catalog 1 | . . . . 1 Fabricator Hacks . | . . . . . Repair Station Hacks . | . . . . . Recycling Unit Hacks . | . . . . . Scanalyzer . | . . . . . Garrison Access Hacks . | . . . . . Unauthorized Hacks . | . . . . . Terminals . | . . . . . Fabricators . | . . . . . Repair Stations . | . . . . . Recycling Units . | . . . . . Scanalyzers . | . . . . . Garrison Access . | . . . . . Data Cores Recovered . | . . . . . Used . | . . . . . Hacking Detections 1 | . 1 . . . Full Trace Events . | . . . . . Feedback Events . | . . . . . Feedback Blocked . | . . . . . Robot Schematics Acquired . | . . . . . Robots Built . | . . . . . Authchips . | . . . . . Time . | . . . . . Total Robot Build Rating . | . . . . . Part Schematics Acquired . | . . . . . Parts Built . | . . . . . Authchips . | . . . . . Time . | . . . . . Total Part Build Rating . | . . . . . Parts Repaired . | . . . . . Time . | . . . . . Parts Recycled . | . . . . . Recycled Matter . | . . . . . Retrieved Matter . | . . . . . Retrieved Components . | . . . . . Parts Scanalyzed . | . . . . . Part Schematics Acquired . | . . . . . Parts Damaged . | . . . . . Bothacking | -11 -10 -10 -10 -9 ------------ Run | Yrd Mat Min Sub Scr Used RIF Installer . | . . . . . Robots Hacked . | . . . . . Non-combat . | . . . . . Combat . | . . . . . Robot Hacks Applied . | . . . . . Relay Couplers Released . | . . . . . Fabnet Peak Effective % . | . . . . . Robots Rewired . | . . . . . Allies Hacked . | . . . . . Hacks Repelled . | . . . . . Allies | -11 -10 -10 -10 -9 -------- Run | Yrd Mat Min Sub Scr Total Allies 1 | . 1 . . . Largest Group 1 | . 1 1 1 1 Highest-Rated Group 72 | . 57 59 62 72 Highest-Rated Ally 72 | . 57 59 62 72 Total Orders . | . . . . . Ally Attacks 58 | . 24 6 28 . Total Damage 1018 | . 180 100 738 . Kills 14 | . 4 2 8 . Allies Corrupted . | . . . . . Allies Melted . | . . . . . Intel | -11 -10 -10 -10 -9 ------- Run | Yrd Mat Min Sub Scr Active Infowar (turns) 100 | 23 77 . . . Seismic 100 | 23 77 . . . Robot Analysis Total . | . . . . . Derelict Logs Recovered 4 | . . 1 1 2 Drone Launches . | . . . . . Drone Recoveries . | . . . . . Exploration | -11 -10 -10 -10 -9 ------------- Run | Yrd Mat Min Sub Scr Turns Passed 8140 | 164 946 284 1581 5165 Spaces Moved 2410 | 77 218 58 450 1607 Core 11 | 11 . . . . Treads 1809 | 66 218 58 46 1421 Legs . | . . . . . Wheels 590 | . . . 404 186 Hover . | . . . . . Flight . | . . . . . Fastest Speed 50 | 50 160 400 290 290 Average Speed 315 | 144 373 400 301 316 Slowest Speed 400 | 160 400 400 400 320 Overloaded Moves . | . . . . . Propulsion Burnouts . | . . . . . Robots Hopped . | . . . . . Potential Cave-ins . | . . . . . Cave-ins Triggered . | . . . . . Exploration Rate (%) 36 | 5 33 18 34 91 Regions Visited 4 Branch Regions 3 Pre-discovered Areas 3 | . . 1 . 2 Known Exits Taken . | . . . . . Unknown Exits Taken 4 | 1 1 1 1 . Scrap Searched 1 | . . . . 1 Spaces Dug . | . . . . . Terrain Destroyed . | . . . . . Melee . | . . . . . Projectile . | . . . . . AOE . | . . . . . Terrain Rammed . | . . . . . Walls Destroyed . | . . . . . Machines Disabled . | . . . . . Actions | -11 -10 -10 -10 -9 --------- Run | Yrd Mat Min Sub Scr Total 2892 | 108 345 113 635 1691 Wait 350 | . 96 55 153 46 Move 2406 | 76 217 57 449 1607 Hop . | . . . . . Pick Up 58 | 12 18 1 5 22 Fast Attach 2 | 2 . . . . Attach 10 | 5 1 . 3 1 Detach . | . . . . . Swap 3 | . . . 1 2 Drop 21 | . 7 . 1 13 Fire 42 | 13 6 . 23 . Melee . | . . . . . Ram . | . . . . . Kick . | . . . . . Crush . | . . . . . Escape Stasis . | . . . . . Rewire . | . . . . . Trap . | . . . . . Miscellaneous . | . . . . . Route ------- -11/Scrapyard -10/Materials -10/Mines -10/Subcaves -9/Scraptown (discovered 1 exit: [*Fac]) History --------- Turn | Location | Event 5 | -11/Scrapyard | Discovered new exit (range 16) 165 | -11/Scrapyard | Entered Materials 166 | -10/Materials | Met a group of wandering Federalists 531 | -10/Materials | Build established: Hauler-Mutant 741 | -10/Materials | Discovered new exit (range 15) 1111 | -10/Materials | Entered Mines 1115 | -10/Mines | Learned location of Mines (-9) 1375 | -10/Mines | Discovered new exit (range 5) 1395 | -10/Mines | Entered Subcaves 1396 | -10/Subcaves | Approached by a straggling Scientist 1660 | -10/Subcaves | Core integrity fell below 50% 1852 | -10/Subcaves | Shifting Twisted Machinery released Battle Cannon 1896 | -10/Subcaves | Shifting Twisted Machinery released Sub. Power Source 2057 | -10/Subcaves | Learned location of 1 exit from Materials 2520 | -10/Subcaves | Shifting Twisted Machinery released Scrap Shield 2589 | -10/Subcaves | Core integrity fell below 20% 2751 | -10/Subcaves | Scientist uncovered a shortcut to Scraptown 2976 | -10/Subcaves | Entered Scraptown 3359 | -9/Scraptown | Visited UFD Registry 3359 | -9/Scraptown | Registered with UFD as "Railform" 3391 | -9/Scraptown | Visited Cyclists 3426 | -9/Scraptown | Entered Cyclist Reading Room 3493 | -9/Scraptown | Visited Junk Repository 3668 | -9/Scraptown | Visited Assassins FH 3771 | -9/Scraptown | Visited Fellowship of the Rings 3854 | -9/Scraptown | Visited Cave Peace 3995 | -9/Scraptown | Learned location of Extension (-6) 4234 | -9/Scraptown | Heard Great Nut preacher, LISTEN AND RECITE! 4394 | -9/Scraptown | Discovered new exit (range 11) 4557 | -9/Scraptown | Scanned Subdweller tech in exchange for log data 4567 | -9/Scraptown | Learned location of 1 exit from Lower Caves 4890 | -9/Scraptown | Visited Spacefarers 5229 | -9/Scraptown | Visited DA-N13 Charitable Foundation 5378 | -9/Scraptown | Visited Science Guys 5519 | -9/Scraptown | Visited Junk Repository 5661 | -9/Scraptown | Visited Curators Association 5799 | -9/Scraptown | Visited Supply Room 5886 | -9/Scraptown | Visited A0-MCA Data Center 5905 | -9/Scraptown | Given a C+ rating by A0-MCA 5912 | -9/Scraptown | Found A0-MCA's Component Scanner 6047 | -9/Scraptown | Delivered Scrap Shield to a Scientist 6349 | -9/Scraptown | Visited Junk Cannon Lab 6435 | -9/Scraptown | Visited Observation Area 6589 | -9/Scraptown | Visited Research Penetration Think Tank 7956 | -9/Scraptown | Met Optimus 7956 | -9/Scraptown | Accepted into 0bPrime 8114 | -9/Scraptown | Civil war broke out across Scraptown 8141 | -9/Scraptown | Self-destructed Last Messages --------------- 08114_ ANNOUNCEMENT: This news will hit some of you hard, but given the circumstances we have no choice but to apprehend Optimus and allies. 08114_ 0BP_ANNOUNCE: There is another choice, join 0bPrime! Our vision ensures independence and glory for all Derelicts! 08114_ ANNOUNCEMENT: Sever that connection! 08114_ 0BP_ANNOUNCE: We are one. To vict-- 08114_ ANNOUNCEMENT: Reinforcements are on the way. Do not resist and we may be able to reach an agreement. 08116_ Optimus: "Bah, right when we're so close. Don't worry Railform, they can't stop us now. Get out of here and do your job, we'll deal with this." 08117_ MD-5LV(g) destroyed. 08118_ Optimus: "No holds barred, if they're hostile, they are an enemy of the people and we must shoot to kill. Collateral damage is to be expected!" Map ----- +----------------------------------------------------+ | | | | | | | | | | | | | | | | | | | ?????????????????????????????????????????????????? | | ?????????????????????????????????????????????????? | | ?????????????????????????????????????????????????? | | ?????????????????????????????????????????????????? | | ?????????????????????????????????????????????????? | | ?????????????????????????????????????????????????? | | ?????????????????????????????????????????????????? | | ?????????????????????????????????????????????????? | | ?????????????????????????????????????????????????? | | ?????????????????????????????????????????????????? | | ?????????????????????????????????????????????????? | | ?????????????????????????????????????????????????? | | ?????????????????????????????????????????????????? | | ????????????????????####?????????????????????????? | | ????????????#??????## ##????????#???????????????? | | ?????????" ##!!"#### ######g ##??????????????? | | ?????? = @@ #??????????????? | | ?????? *%! Ej #??????????????? | | ??????????##########E ###########??????????????? | | ???????????????????## ##????????????????????????? | | ##########??????????#E #??###?###????????????????? | | """""""""#??????????# #??#"###"#????????????????? | | """ X """#??????????# #### "&" ####?????????????? | | " """"#??????????# #" """ "#?????????????? | | "|""#??????????# ##"" ""#??????????????? | | " """"#??????????# ##*" "!#??????????????? | | "" ""############ ##"" ""##?????????????? | | ##= #!!]# ]# #" "#?????????????? | | "" " ## #=! # !# ##"" ""##?????????????? | | "" "&##[ # # # ##!" "!#??????????????? | | "## # ##"" ""##?????????????? | | ## # #" "#?????????????? | | ### ########### ##### ## ##########?????????????? | | ### ########### ##### ## ##???###???????????????? | | """ """"""""""" """"" "" "#??? ???????????????? | | "#?? """???????????????? | | "#?? "#???? "??????????? | | "#?" "## ??????????? | | "##" " " #?????????? | | " "#?????????????? | | """"""""""""""""""""" "##" "#?????????????? | +----------------------------------------------------+ Best States ------------- Heat Dissipation 25 Energy Generation 14 Energy Capacity 250 Matter Stores 300 Matter Capacity 300 Sight Range 16 Terrain Scan Density 10 Evasion (%) 50 Recoil Reduction 2 Item Schematics ----------------- None Robot Schematics ------------------ None Fabricated ------------ Nothing Repaired ---------- Nothing Alien Tech Used ----------------- None Achievements -------------- None Challenges ------------ None Player 2 | -11 -10 -10 -10 -9 ---------- Run | Yrd Mat Min Sub Scr Slots Evolved . | . . . . . Power . | . . . . . Propulsion . | . . . . . Utility . | . . . . . Weapon . | . . . . . Parts Attached 23 | . 10 2 6 5 Parts Lost . | . . . . . Damage Taken 356 | . 164 73 119 . Core 104 | . 77 . 27 . Player 2/Cogmind (%) 48 | . 100 . 21 . Absorbed by Shields . | . . . . . Damage Inflicted 1018 | . 180 100 738 . Player 2/Cogmind (%) 69 | . 68 100 74 . Combat Hostiles Destroyed 12 | . 2 2 8 . Player 2/Cogmind (%) 66 | . 40 100 72 . Game ------ Seed DataInterceptInverter Manual? 0 Play Time 00:30:19 Cumulative 62.5 hours Start 2025.06.17 @ 10:40:34 End 2025.06.17 @ 11:12:01 Sessions 1 Manual Loads 0 Difficulty Rogue Special Mode AFD2020/Player2 Game No. 51 Rogue 32 Adventurer 0 Explorer 19 Win Type - Total 0 Types 0/0/0/0/0/0/0/0/0/0 Lore% 52 Gallery% 42 Achievement% 67 Wizard Run 0 Options --------- Layout 1 ASCII 0 Keyboard 0 Movement Mouse Keybinds 0 Fullscreen 2 Font 16/SmallcapsGlow Map View 50x40 Zoom Use 0% Tactical HUD 1 Map Filters NONE Filters NONE Steam SD RUN: d971b5c8-7c61-4298-98b7-a0b02b649bb0